 Dungeon Crawl Stone Soup version 0.23-a0-577-g2b1de94 (webtiles) character file.

156 science1 the Stinger (level 5, 0/28 HPs)
             Began as a Gargoyle Venom Mage on Dec 15, 2018.
             Was an Initiate of Sif Muna.
             Slain by Grinder (2 damage)
             ... on level 3 of the Dungeon.
             The game lasted 00:40:58 (3719 turns).

science1 the Stinger (Gargoyle Venom Mage)          Turns: 3719, Time: 00:40:58

Health: 0/28       AC: 10    Str: 12    XL:     5   Next: 37%
Magic:  5/8        EV: 11    Int: 16    God:    Sif Muna [......]
Gold:   130        SH:  0    Dex: 10    Spells: 4/9 levels left

rFire    . . .     SeeInvis .   A - +2 hunting sling (freeze)
rCold    . . .     Gourm    .   (no shield)
rNeg     + . .     Faith    +   y - +0 leather armour
rPois    ∞         Spirit   .   v - +2 helmet
rElec    +         Reflect  .   (no cloak)
rCorr    .         Harm     .   (no gloves)
MR       .....                  (no boots)
Stlth    +.........             k - amulet of faith
HPRegen  0.09/turn              (no ring)
MPRegen  0.11/turn              (no ring)

@: confused
A: negative energy resistance 1, electricity resistance, unbreathing,
petrification resistance, rot immunity, AC +4
a: Renounce Religion


You were on level 3 of the Dungeon.
You worshipped Sif Muna.
Sif Muna was noncommittal.
You were not hungry.

You visited 1 branch of the dungeon, and saw 3 of its levels.

You collected 130 gold pieces.

Inventory:

Hand Weapons
 d - a +0 club
 e - a +0 dagger
 g - a +1 dagger
 q - a +0 short sword
 A - a +2 hunting sling of freezing (weapon)
Armour
 p - a +0 plate armour
 t - a +0 chain mail
 v - a +2 helmet (worn)
 y - a +0 leather armour (worn)
 B - a +0 scale mail
Jewellery
 j - a cursed -5 ring of evasion {unknown}
 k - an amulet of faith (around neck)
Scrolls
 h - a scroll of teleportation {unknown}
 i - 2 scrolls of amnesia {unknown}
 m - a scroll of blinking
 n - a scroll of fog {unknown}
 w - a scroll of identify
Potions
 b - a potion of lignification
 o - a potion of heal wounds {unknown}
 x - a potion of flight {unknown}
 z - a potion of might {unknown}
Comestibles
 c - 5 rations
 u - a chunk of flesh


   Skills:
 + Level 0.5 Fighting
 + Level 0.7 Short Blades
 + Level 1.5(1.7) Slings
 + Level 0.6(1.2) Throwing
 + Level 0.8 Armour
 + Level 1.9 Dodging
 + Level 2.6 Stealth
 + Level 1.0 Unarmed Combat
 + Level 2.5 Spellcasting
 + Level 1.6 Conjurations
 + Level 3.8 Poison Magic


You had 4 spell levels left.
You knew the following spells:

 Your Spells              Type           Power        Failure   Level  Hunger
a - Sting                 Conj/Pois      ##..         9%          1    #......
b - Olgreb's Toxic Radia  Pois           ##......     45%         4    #####..

Your spell library contained the following spells:

 Spells                   Type           Power        Failure   Level  Hunger
 Poisonous Vapours        Pois/Air       #.....       17%         2    ##.....
 Mephitic Cloud           Conj/Pois/Air  #.......     34%         3    ###....
 Venom Bolt               Conj/Pois      ##........   92%         5    ######.


Dungeon Overview and Level Annotations

Branches:
Dungeon (3/15)

Altars:
Cheibriados
Sif Muna
Yredelemnul

Annotations:
D:3 Grinder


Innate Abilities, Weirdness & Mutations

You are resistant to torment.
Your stone body is resilient. (AC +4)
You are immune to poison.
You resist negative energy. (rN+)
You are resistant to electric shocks. (rElec)
You can survive without breathing.
You are immune to petrification.
You are immune to rotting.


Message History

You shoot a stone. The stone closely misses Grinder.
Grinder gestures at you.
You suddenly lose the ability to move!
Grinder hits you but does no damage. Grinder hits you.
You writhe in agony.
Grinder hits you.
* * * LOW HITPOINT WARNING * * *
Grinder hits you but does no damage. Grinder gestures at you.
Pain shoots through your body!
* * * LOW HITPOINT WARNING * * *
You can move again.
Quiver which item? (- for none, * to show all) (? for menu, Esc to quit)
Okay, then.
It was a potion of ambrosia.
You are confused.
You feel invigorated. Grinder hits you.
* * * LOW HITPOINT WARNING * * *
You writhe in agony.
You die...

#.##..P≈≈≈ #.(#.≈≈≈≈P
#....≈≈≈≈≈ #....P.P≈≈
#..#..≈≈≈≈
#####..#..≈≈≈≈
#...(..#!≈≈≈≈≈
##########._(...#.≈#≈≈≈
#(...5@..((.((.....#≈≈≈
#.#######.######...# ≈≈
#.# #### ≈ .. ...#.##.#
#.# ..##.....#.# #.#
#.#........# #.#
#..........#### #.#
#.............# #.#
#..#..........# #.#


You could see Grinder.

Vanquished Creatures
  Terence (D:2)
  Robin (D:2)
  3 adders (D:3)
  An ooze (D:2)
  2 worms
  2 dart slugs
  2 leopard geckos
  A ball python (D:2)
  A giant cockroach (D:2)
  2 gnoll zombies (D:2)
  16 goblins
  16 hobgoblins
  2 jackals (D:2)
  2 kobolds (D:2)
  5 bats
  5 frilled lizards
  10 rats
72 creatures vanquished.

Notes
Turn   | Place    | Note
-------+----------+-------------------------------------------
     0 | D:1      | science1 the Gargoyle Venom Mage began the quest for the
                  | Orb.
     0 | D:1      | Reached XP level 1. HP: 10/10 MP: 3/3
   248 | D:1      | Reached XP level 2. HP: 15/15 MP: 3/5
   905 | D:1      | Reached XP level 3. HP: 19/19 MP: 6/6
  1038 | D:2      | Noticed Robin
  1133 | D:1      | Reached skill level 1 in Unarmed Combat
  2148 | D:2      | Killed Robin
  2148 | D:2      | Reached XP level 4. HP: 20/24 MP: 1/7
  2521 | D:2      | Found a deep blue altar of Sif Muna.
  2740 | D:2      | Noticed Terence
  2881 | D:2      | Killed Terence
  2973 | D:2      | Reached XP level 5. HP: 28/28 MP: 8/8
  3085 | D:2      | Found a basalt altar of Yredelemnul.
  3182 | D:2      | Reached skill level 1 in Slings
  3418 | D:2      | Learned a level 4 spell: Olgreb's Toxic Radiance
  3468 | D:2      | Became a worshipper of Sif Muna the Loreminder
  3638 | D:3      | Found a snail-covered altar of Cheibriados.
  3667 | D:3      | Noticed Grinder
  3673 | D:3      | Paralysed by Grinder for 4 turns
  3683 | D:3      | Paralysed by Grinder for 4 turns
  3699 | D:3      | Paralysed by Grinder for 5 turns
  3707 | D:3      | Paralysed by Grinder for 2 turns
  3713 | D:3      | Paralysed by Grinder for 6 turns
  3718 | D:3      | HP: 1/28 [Grinder/nerve-wracking pain (6)]
  3719 | D:3      | Slain by Grinder

Vault maps used:
D:1:      erik_arrival_triangle_small, serial_bayou_lake_a
D:2:      lemuel_zombie_altar_yredelemnul, nicolae_overflow_crystal_walls,
          kennysheep_potato, uniq_robin, uniq_terence
D:3:      old_standard_altar, cheibriados_altar_1, minmay_liquid_box,
          chequers_big_river, uniq_grinder

Skill      XL: |  1  2  3  4  5 |
---------------+----------------+-----
Unarmed Combat | 1 |  1.0
Slings         | 1 |  1.5
Fighting       | |  0.5
Short Blades   | |  0.7
Throwing       | |  0.6
Armour         | |  0.8
Dodging        | |  1.9
Stealth        | |  2.6
Spellcasting   | |  2.5
Conjurations   | |  1.6
Poison Magic   | |  3.8

Action                   |  1- 3 |  4- 6 || total
-------------------------+-------+-------++-------
Melee: Unarmed           |    26 |       ||    26
       Dagger            |    39 |    45 ||    84
 Fire: Hunting sling     |     2 |    81 ||    83
Throw: Javelin           |    21 |    24 ||    45
       Stone             |     3 |     2 ||     5
 Cast: Sting             |    45 |    15 ||    60
       Olgreb's Toxic Ra |       |     2 ||     2
  Use: Scroll            |     2 |     3 ||     5
       Potion            |     2 |     1 ||     3
  Eat: Chunk             |     4 |     6 ||    10
Armor: Robe              |    22 |       ||    22
       Skin              |     1 |     3 ||     4
       Plate armour      |       |    93 ||    93
       Animal skin       |       |     3 ||     3
       Leather armour    |       |    10 ||    10
Dodge: Dodged            |    59 |    26 ||    85

Table legend:
 A = Non-vault XP
 B = Vault XP
 C = Vault XP percentage of total XP
 D = Non-vault monster count
 E = Vault monster count
 F = Vault count percentage of total count
                 A         B        C        D         E       F
            +---------+---------+-------+---------+---------+-------
      Total |     143 |      80 |  35.9 |      55 |      17 |  23.6
            +---------+---------+-------+---------+---------+-------
        D:1 |      46 |      19 |  29.2 |      24 |      10 |  29.4
        D:2 |      48 |      61 |  56.0 |      25 |       7 |  21.9
        D:3 |      49 |       0 |   0.0 |       6 |       0 |   0.0
            +---------+---------+-------+---------+---------+-------
